 Dungeon Crawl Stone Soup version 0.30.0-29-ga12c61a403 (webtiles) character file.

Game seed: 5939728526004132521

253 seaoflcl the Covered (level 5, -15/63 HPs)
             Began as a Demonspawn Fighter on June 16, 2023.
             Killed by an exploding ogre (22 damage)
             ... ignited by their inner flame
             ... on level 6 of the Dungeon.
             The game lasted 00:04:04 (2627 turns).

seaoflcl the Covered (Demonspawn Fighter)           Turns: 2627, Time: 00:04:05

Health: -15/63     AC: 22    Str: 19    XL:     5   Next: 90%
Magic:  5/5        EV:  2    Int:  9    God:
Gold:   133        SH:  4    Dex: 12    Spells: 4/4 levels left

rFire   . . .        d - +2 war axe (venom)
rCold   . . .        c - +0 buckler
rNeg    . . .        n - melded +0 plate armour
rPois   +            m - melded +0 helmet {SInv}
rElec   .            (cloak currently unavailable)
rCorr   .            (gloves currently unavailable)
SInv    .            (boots currently unavailable)
Will    .....        (no amulet)
Stlth   +            (no ring)
HPRegen 1.30/turn    (no ring)
MPRegen 0.09/turn

%: no passive effects
@: tree-form, studying Armour
A: stationary, stasis, torment immunity, boosted hp, powered by death 1,
(sanguine armour 1)
a: no special abilities


You were on level 6 of the Dungeon.
You were a tree.
You visited 1 branch of the dungeon, and saw 5 of its levels.

You collected 133 gold pieces.

Inventory:

Hand Weapons
 a - a +0 war axe
 d - a +2 war axe of venom (weapon)
 h - a +2 trident of flaming
Missiles
 q - 2 boomerangs (quivered)
Armour
 c - a +0 buckler (worn)
 m - a +0 helmet of see invisible (melded)
 n - a +0 plate armour (melded)
Wands
 p - a wand of paralysis (9)
Scrolls
 e - a scroll of immolation
Potions
 b - 2 potions of curing
 f - a potion of lignification
 g - 2 potions of heal wounds {unknown}
 j - 2 potions of degeneration {unknown}
 k - 2 potions of resistance {unknown}
 l - 2 potions of ambrosia {unknown}
 o - a potion of haste {unknown}


   Skills:
 + Level 3.8 Fighting
 * Level 3.1(3.5) Axes
 + Level 2.3(3.1) Polearms
 + Level 0.7 Throwing
 * Level 3.8 Armour
 + Level 3.4 Shields
 + Level 0.0 Evocations


You had 4 spell levels left.
You didn't know any spells.
Your spell library was empty.

Dungeon Overview and Level Annotations

Branches:
Dungeon (4/15)
 Temple: D:4-7

Altars:

Shops:
D:1 ?   D:3 ?


Innate Abilities, Weirdness & Mutations

You are a tree.
Your roots penetrate the ground, keeping you stationary.
You cannot be teleported.
You are immune to unholy pain and torment.
Your maximum health is greatly increased.
Your equipment is partially melded.
You regenerate a little health from kills.
((When seriously injured, your blood forms armour. (AC +0)))


Message History

The ogre moves out of view.
The centaur shouts!
The centaur wields a +0 shortbow.
The centaur shoots an arrow.
The arrow hits you!
An ogre comes into view. It is wielding a +0 giant club.
The ogre shouts!
The centaur shoots an arrow.
You block the arrow.
The centaur shoots an arrow.
The arrow hits you!
Your blood congeals into armour.
The centaur shoots an arrow.
The arrow hits you but does no damage.
The centaur shoots an arrow.
You block the arrow.
As you read the scroll labelled KOR WIRUGO JYQ, it crumbles to dust.
The creatures around you are filled with an inner flame!
It was a scroll of immolation.
As you read the scroll labelled QEARGH OGOOLA HOXT, it crumbles to dust.
It is a scroll of amnesia.
You feel forgetful for a moment.
It was a potion of curing.
You feel better.
Your blood armour dries and flakes away.
The ogre hits you with a +0 giant spiked club!!
Ouch! That really hurt!
* * * LOW HITPOINT WARNING * * *
Your blood congeals into armour.
The ogre hits you but does no damage.
It was a potion of lignification.
You turn into a tree.
Your +0 helmet of see invisible melds into your body.
Your +0 plate armour melds into your body.
You feel less perceptive.
Your roots penetrate the ground.
Your blood armour dries and flakes away.
You slash the ogre!
Flame seeps out of the ogre.
The ogre is poisoned.
The ogre is moderately wounded.
You hit the ogre.
Flame seeps out of the ogre. x2
The ogre is engulfed in blazing flames.
Flame seeps out of the ogre.
The ogre hits you with a +0 giant spiked club.
* * * LOW HITPOINT WARNING * * *
The ogre is engulfed in blazing flames.
Flame seeps out of the ogre.
The ogre hits you with a +0 giant club.
* * * LOW HITPOINT WARNING * * *
You hit the ogre. You hit the ogre but do no damage.
The ogre explodes!
The fiery explosion engulfs you!!
You die...

#......# #.....#
...##...##
.......O..# #
....#..#..##.##.#.
#.. ####..........
#. ##...#.....
##O....# .#.
#♣°c.#+# ######


You could see an ogre (inner flame) and a centaur.

Vanquished Creatures
  A black bear (D:3)
  An ogre (D:6)
  A jelly (D:3)
  An orc priest (D:3)
  An iguana (D:4)
  An adder (D:3)
  A worm (D:3)
  A dart slug (D:1)
  4 orcs (D:3)
  6 ball pythons
  3 bats
  4 endoplasms
  2 giant cockroaches (D:3)
  5 goblins
  7 hobgoblins
  2 jackals (D:3)
  A quokka (D:1)
  A frilled lizard (D:2)
  5 kobolds
  5 rats
53 creatures vanquished.

Notes
Turn   | Place    | Note
-------+----------+-------------------------------------------
     0 | D:1      | seaoflcl the Demonspawn Fighter began the quest for the
                  | Orb.
     0 | D:1      | Reached XP level 1. HP: 18/18 MP: 1/1
   112 | D:1      | Found Gausmuust's Magic Scroll Boutique.
   133 | D:1      | Gained mutation: When seriously injured, your blood forms
                  | armour. (AC +0) [demonic ancestry]
   133 | D:1      | Reached XP level 2. HP: 24/24 MP: 2/2
   922 | D:2      | Gained mutation: You regenerate a little health from kills.
                  | [demonic ancestry]
   922 | D:2      | Reached XP level 3. HP: 29/29 MP: 3/3
  1383 | D:3      | Reached skill level 1 in Polearms
  1445 | D:3      | Noticed a black bear
  1460 | D:3      | Killed a black bear
  1461 | D:3      | Reached XP level 4. HP: 26/36 MP: 4/4
  1461 | D:3      | Reached XP level 5. HP: 29/41 MP: 5/5
  1611 | D:3      | Found a faded altar of an unknown god.
  1857 | D:3      | Found Xaemazai's Magic Scroll Shoppe.
  1955 | D:4      | Noticed an ogre
  2614 | D:4      | You fall into a shaft and drop 2 floors!
  2615 | D:6      | Noticed an ogre
  2615 | D:6      | Noticed a centaur
  2617 | D:6      | Noticed an ogre
  2627 | D:6      | Killed an ogre
  2627 | D:6      | Killed by an exploding ogre... ignited by their inner flame

Illustrated notes

Levels and vault maps discovered:
D:1:      zaba_arrival_water, layout_loops_ring, serial_shops, shop
D:2:      layout_basic, basic_altar, hangedman_decor_diamond_cutter,
          kennysheep_generic_room_3
D:3:      layout_rooms, serial_shops, shop_fountains,
          hellmonk_ecumenical_altar_zigzags
D:4:      layout_basic, temple_fountains, serial_shops, kennysheep_mini,
          minmay_misc_feat_four_crosses, moated_statue, uniq_pikel
D:6:      minmay_chambers_of_fours, layout_cave_pools,
          overflow_temple_1_default, nicolae_uskayaw_dance_studio, serial_shops,
          nicolae_take_the_stairs, uniq_prince_ribbit1, uniq_grinder

Skill      XL: |  1  2  3  4  5 |
---------------+----------------+-----
Axes           | 2 3 |  3.1
Armour         | 3 |  3.8
Polearms       | 2 |  2.3
Shields        | 3 |  3.4
Fighting       | |  3.8
Throwing       | |  0.7

Action                     |  1- 3 |  4- 6 || total
---------------------------+-------+-------++-------
  Melee: War axe           |   105 |    35 ||   140
         Trident           |       |     2 ||     2
    Use: Potion            |     1 |     2 ||     3
         Scroll            |       |     2 ||     2
 Armour: Scale mail        |    56 |       ||    56
         Plate armour      |    24 |    31 ||    55
  Dodge: Dodged            |    33 |    14 ||    47
  Block: Buckler           |    35 |    12 ||    47
